[Event "ICC tourney 1953 (60 10)"]
[Site "Internet Chess Club"]
[Date "2020.08.07"]
[Round "2"]
[White "woodychess"]
[Black "Aryangambit"]
[Result "1-0"]
[ICCResult "Black resigns"]
[WhiteElo "2213"]
[BlackElo "2069"]
[Opening "King's Indian: fianchetto, Panno variation"]
[ECO "E63"]
[NIC "KI.70"]
[Time "15:24:14"]
[TimeControl "3600+10"]

1. d4 Nf6 2. c4 g6 3. Nc3 Bg7 4. g3 O-O 5. Bg2 d6 6. Nf3 Nc6 7. O-O a6 8. h3
Rb8 9. e4 b5 10. cxb5 axb5 11. Re1 Nd7 12. Bg5 h6 13. Be3 e5 14. Rc1 exd4
15. Nxd4 Nxd4 16. Bxd4 Ne5 17. f4 c5 18. Bf2 Nc6 19. e5 Nd4 20. exd6 Bf5 21.
g4 Be6 22. Ne4 Bxa2 23. b4 Bb3 24. Qd2 Bc4 25. Rb1 f5 26. bxc5 Nb3 27. Qd1
fxe4 28. Rxb3 Rxf4 29. Rbe3 b4 30. Rxe4 Rxe4 31. Rxe4 Bf7 32. c6 Qc8 33. c7
Rb5 34. d7 Qxc7 35. d8=Q+ Qxd8 36. Qxd8+ Kh7 37. Re7 b3 38. Rxf7 b2 39.
Rxg7+ Kxg7 40. Bd4+ {Black resigns} 1-0

[Event "ICC tourney 1953 (60 10)"]
[Site "Internet Chess Club"]
[Date "2020.08.07"]
[Round "2"]
[White "tedchen"]
[Black "penguinwizard"]
[Result "1/2-1/2"]
[ICCResult "Game drawn by mutual agreement"]
[WhiteElo "2270"]
[BlackElo "2094"]
[Opening "Queen's Indian: old main line, 9.Qxc3"]
[ECO "E19"]
[NIC "QI.12"]
[Time "15:24:26"]
[TimeControl "3600+10"]

1. d4 Nf6 2. c4 e6 3. Nf3 b6 4. g3 Bb7 5. Bg2 Be7 6. O-O O-O 7. Nc3 Ne4 8.
Qc2 Nxc3 9. Qxc3 f5 10. Ne5 Bxg2 11. Kxg2 Bf6 12. Qf3 c6 13. h4 Qc7 14. Rd1
d6 15. Nd3 Nd7 16. d5 Rae8 17. dxe6 Rxe6 18. Rb1 g6 19. b4 Rfe8 20. e3 Re4
21. b5 Rxc4 22. bxc6 Qxc6 23. Qxc6 Rxc6 24. Nb4 Rc7 25. Na6 Rc6 26. Nb4 Rc7
27. Na6 Rc4 28. Rxd6 Rd8 29. Bb2 Be7 30. Rd2 Nf8 31. Rxd8 Bxd8 32. Rc1 Ra4
33. Rc8 Rxa6 34. Rxd8 Rxa2 35. Be5 Kf7 36. Bd6 {Game drawn by mutual
agreement} 1/2-1/2

[Event "ICC tourney 1953 (60 10)"]
[Site "Internet Chess Club"]
[Date "2020.08.07"]
[Round "2"]
[White "ASharikov"]
[Black "JasonModer"]
[Result "1-0"]
[ICCResult "Black resigns"]
[WhiteElo "2354"]
[BlackElo "2418"]
[Opening "Queen's pawn: Chigorin variation"]
[ECO "D00"]
[NIC "QP.08"]
[Time "15:24:35"]
[TimeControl "3600+10"]

1. d4 d5 2. Nc3 Nf6 3. Bf4 c5 4. e3 cxd4 5. exd4 a6 6. Nf3 Nc6 7. Ne5 e6 8.
Nxc6 bxc6 9. Na4 Nd7 10. Bd3 Qf6 11. Be3 Bd6 12. O-O O-O 13. f4 Qe7 14. g4
f6 15. g5 e5 16. Bxh7+ Kxh7 17. Qh5+ Kg8 18. g6 {Black resigns} 1-0

[Event "ICC tourney 1953 (60 10)"]
[Site "Internet Chess Club"]
[Date "2020.08.07"]
[Round "2"]
[White "Visam"]
[Black "tangent"]
[Result "1-0"]
[ICCResult "Black resigns"]
[WhiteElo "2647"]
[BlackElo "2301"]
[Opening "English opening"]
[ECO "A20"]
[NIC "EO.24"]
[Time "15:24:20"]
[TimeControl "3600+10"]

1. c4 e5 2. g3 Nf6 3. Bg2 d5 4. cxd5 Nxd5 5. Nc3 Nb6 6. Nf3 Nc6 7. Rb1 a5 8.
d3 Be7 9. O-O O-O 10. Be3 Be6 11. Rc1 f6 12. d4 exd4 13. Nxd4 Nxd4 14. Qxd4
Qxd4 15. Bxd4 Rab8 16. Nb5 c5 17. Bxc5 Bxc5 18. Rxc5 Na4 19. Rc7 Nxb2 20.
Nd4 Bf7 21. Rb1 Nc4 22. Rcxb7 Rxb7 23. Rxb7 Rd8 24. e3 Nd6 25. Ra7 Bxa2 26.
Rxa5 Bf7 27. Nc6 Re8 28. Ra7 Be6 29. h4 Nf7 30. Nd4 Bc4 31. Rc7 Ba2 32. Ra7
Bc4 33. Ra4 Bd3 34. Bd5 Bg6 35. Ra7 h5 36. Ne2 Rf8 37. Nf4 Kh7 38. Nxg6 Kxg6
39. Bxf7+ Rxf7 40. Rxf7 Kxf7 41. e4 {Black resigns} 1-0

[Event "ICC tourney 1953 (60 10)"]
[Site "Internet Chess Club"]
[Date "2020.08.07"]
[Round "2"]
[White "tigeriz"]
[Black "Syringe"]
[Result "0-1"]
[ICCResult "White resigns"]
[WhiteElo "2392"]
[BlackElo "2748"]
[Opening "Sicilian: Pelikan, Chelyabinsk variation"]
[ECO "B33"]
[NIC "SI.37"]
[Time "15:24:10"]
[TimeControl "3600+10"]

1. e4 c5 2. Nf3 Nc6 3. d4 cxd4 4. Nxd4 Nf6 5. Nc3 e5 6. Ndb5 d6 7. Bg5 a6 8.
Na3 b5 9. Nd5 Be7 10. Bxf6 Bxf6 11. c4 b4 12. Nc2 O-O 13. g3 a5 14. Bg2 Bg5
15. O-O Ne7 16. Nce3 Bxe3 17. Nxe3 Be6 18. b3 Qd7 19. Nd5 Nxd5 20. cxd5 Bg4
21. Qd2 Rfc8 22. Rfc1 Qb7 23. f3 Bd7 24. Bf1 h6 25. Kg2 Rxc1 26. Rxc1 Rc8
27. Rxc8+ Qxc8 28. Bc4 Kf8 29. Qe3 Qc7 30. Kf2 a4 31. Ke2 axb3 32. axb3 Qa5
33. Qd2 Ke7 34. h4 f5 35. Kf2 Kf6 36. Kg2 Qc5 37. Qf2 Qd4 38. Qe2 g5 39.
hxg5+ Kxg5 40. f4+ exf4 41. gxf4+ Kf6 42. Bd3 fxe4 43. Bxe4 h5 44. Kg3 Bg4
45. Qe1 Qc3+ 46. Kf2 Qxb3 {White resigns} 0-1

[Event "ICC tourney 1953 (60 10)"]
[Site "Internet Chess Club"]
[Date "2020.08.07"]
[Round "2"]
[White "chessshrinker"]
[Black "BrainOnFire"]
[Result "1-0"]
[ICCResult "Black resigns"]
[WhiteElo "2270"]
[BlackElo "2083"]
[Opening "Dunst (Sleipner, Heinrichsen) opening"]
[ECO "A00"]
[NIC "VO.15"]
[Time "15:24:37"]
[TimeControl "3600+10"]

1. Nc3 d5 2. e4 dxe4 3. Nxe4 e5 4. Bc4 Be7 5. d3 Nf6 6. Ng5 O-O 7. N1f3 Nd5
8. Qe2 h6 9. h4 Nc6 10. Qe4 Nf6 11. Qg6 Qe8 12. Nxf7 Rxf7 13. Bxh6 Kf8 14.
Ng5 Bb4+ 15. c3 Bf5 16. Bxg7+ Ke7 17. Qxf5 Rxg7 18. Qe6+ Kd8 19. Qxf6+ Qe7
20. Qxg7 Qxg7 21. Ne6+ Ke7 22. Nxg7 {Black resigns} 1-0

[Event "ICC tourney 1953 (60 10)"]
[Site "Internet Chess Club"]
[Date "2020.08.07"]
[Round "2"]
[White "edmehu"]
[Black "MichaelIC"]
[Result "1/2-1/2"]
[ICCResult "Game drawn by mutual agreement"]
[WhiteElo "2269"]
[BlackElo "2140"]
[Opening "French: Tarrasch, open variation"]
[ECO "C07"]
[NIC "FR.19"]
[Time "15:24:25"]
[TimeControl "3600+10"]

1. e4 e6 2. d4 d5 3. Nd2 c5 4. exd5 Qxd5 5. Ngf3 cxd4 6. Bc4 Qd6 7. O-O Nf6
8. Nb3 Nc6 9. Nfxd4 Nxd4 10. Nxd4 a6 11. Re1 Qc7 12. Bf1 Bd6 13. Nf5 Bxh2+
14. Kh1 O-O 15. Nxg7 Kxg7 16. Qd4 e5 17. Qh4 Ng4 18. Be2 Qd8 19. Bg5 f6 20.
Bc1 h5 21. Bxg4 Bxg4 22. Kxh2 Qc7 23. c3 Rad8 24. Qg3 Kf7 25. f4 exf4 26.
Bxf4 Qc5 27. Re4 Rfe8 28. Be3 Qc6 29. Rxe8 Rxe8 30. Rf1 Re6 31. Rf2 Kg6 32.
Bd4 {Game drawn by mutual agreement} 1/2-1/2

[Event "ICC tourney 1953 (60 10)"]
[Site "Internet Chess Club"]
[Date "2020.08.07"]
[Round "2"]
[White "kpthomas"]
[Black "RajeshCS"]
[Result "1/2-1/2"]
[ICCResult "Game drawn by repetition"]
[WhiteElo "2151"]
[BlackElo "2289"]
[Opening "English: symmetrical, four knights system"]
[ECO "A16"]
[NIC "EO.64"]
[Time "15:24:09"]
[TimeControl "3600+10"]

1. c4 Nf6 2. Nc3 c5 3. Nf3 Nc6 4. d4 cxd4 5. Nxd4 g6 6. e4 d6 7. Be2 Nxd4 8.
Qxd4 Bg7 9. Be3 O-O 10. Qd2 Qa5 11. Rc1 Be6 12. f3 Rfc8 13. b3 a6 14. Nd5
Qxd2+ 15. Kxd2 Bxd5 16. cxd5 Nd7 17. Rxc8+ Rxc8 18. Rc1 Rxc1 19. Kxc1 Kf8
20. Kc2 Ke8 21. b4 Kd8 22. b5 axb5 23. Bxb5 Be5 24. f4 Bg7 25. Bxd7 Kxd7 26.
g4 e6 27. Kd3 exd5 28. exd5 f5 29. gxf5 gxf5 30. Kc4 Bb2 31. a4 Kc7 32. Kb5
Ba3 33. Bb6+ Kd7 34. Be3 Kc7 35. Bb6+ Kd7 36. Be3 Kc7 37. Bb6+
{Game drawn by repetition}
1/2-1/2

[Event "ICC tourney 1953 (60 10)"]
[Site "Internet Chess Club"]
[Date "2020.08.07"]
[Round "2"]
[White "PrudentPatzer"]
[Black "PappusChain923"]
[Result "1/2-1/2"]
[ICCResult "Game drawn by mutual agreement"]
[WhiteElo "2128"]
[BlackElo "2188"]
[Opening "King's Indian: Semi-Averbakh system"]
[ECO "E73"]
[NIC "KI.27"]
[Time "15:24:33"]
[TimeControl "3600+10"]

1. d4 Nf6 2. c4 g6 3. Nc3 Bg7 4. e4 d6 5. Be2 O-O 6. Be3 c5 7. d5 e6 8. Nf3
exd5 9. cxd5 a6 10. a4 Bg4 11. O-O Nbd7 12. a5 Bxf3 13. Bxf3 b5 14. axb6
Nxb6 15. Be2 Re8 16. f3 Re7 17. Rxa6 Rxa6 18. Bxa6 Qa8 19. Bb5 Nbxd5 20.
Nxd5 Nxd5 21. Bf2 Qb8 22. Qxd5 Qxb5 23. Qxd6 Rb7 24. Bxc5 Rd7 25. Qb6 Qxb6
26. Bxb6 Rb7 27. Be3 Rxb2 28. Rd1 h5 29. Rd8+ Kh7 30. Rd2 Rxd2 31. Bxd2 Bd4+
32. Kf1 Be5 33. h3 Kg8 34. Bb4 f6 35. Ke2 Kf7 36. Ke3 Ke6 37. Bc5 Bh2 38.
Bd4 Bc7 39. g4 hxg4 40. fxg4 Bd8 41. Kf4 Bc7+ 42. Kf3 Bd8 43. h4 Kf7 44. h5
Kg7 45. Kg3 Kh6 46. Be3+ Kg7 47. Bf4 Be7 48. Bc7 Bb4 49. Kh3 Bd2 50. Kg3
Be1+ 51. Kh3 Bd2 52. hxg6 Kxg6 53. e5 fxe5 54. Bxe5 Bc1
{Game drawn by mutual agreement}
1/2-1/2

[Event "ICC tourney 1953 (60 10)"]
[Site "Internet Chess Club"]
[Date "2020.08.07"]
[Round "2"]
[White "superind"]
[Black "helavir"]
[Result "1-0"]
[ICCResult "Black resigns"]
[WhiteElo "2589"]
[BlackElo "2629"]
[Opening "Caro-Kann: advance variation"]
[ECO "B12"]
[NIC "CK.04"]
[Time "15:25:02"]
[TimeControl "3600+10"]

1. e4 c6 2. d4 d5 3. e5 Bf5 4. Nf3 e6 5. Be2 Ne7 6. O-O c5 7. Na3 Nec6 8. c4
Be4 9. Nb5 a6 10. Bg5 f6 11. exf6 gxf6 12. Bxf6 Qxf6 13. Nc7+ Kd8 14. Nxa8
Rg8 15. g3 cxd4 16. cxd5 exd5 17. Nd2 Bc5 18. Rc1 Ba7 19. Qb3 Rg5 20. Qxb7
d3 21. Bg4 h5 22. Qc7+ Ke8 23. Bd7+ Nxd7 24. Rxc6 Qf5 25. Qxa7 {Black
resigns} 1-0

[Event "ICC tourney 1953 (60 10)"]
[Site "Internet Chess Club"]
[Date "2020.08.07"]
[Round "2"]
[White "JULIANESTRADA"]
[Black "Xuanli28"]
[Result "1-0"]
[ICCResult "Black resigns"]
[WhiteElo "2398"]
[BlackElo "2107"]
[Opening "Sicilian: Canal-Sokolsky (Nimzovich-Rossolimo, Moscow) attack"]
[ECO "B51"]
[NIC "SI.01"]
[Time "15:24:22"]
[TimeControl "3600+10"]

1. e4 c5 2. Nf3 d6 3. Bb5+ Nd7 4. O-O a6 5. Bxd7+ Bxd7 6. d4 cxd4 7. Qxd4
Qc7 8. Nc3 e6 9. Bg5 Rc8 10. a4 h6 11. Bh4 e5 12. Qd3 g5 13. Bg3 Nf6 14.
Rfd1 Be7 15. Nd2 Be6 16. Nf1 h5 17. h4 Nh7 18. hxg5 Nxg5 19. Ne3 h4 20. Bh2
h3 21. g4 Nf3+ 22. Kh1 Nd4 23. f4 f6 24. Ncd5 Bxd5 25. exd5 Qb6 26. fxe5
fxe5 27. c3 Nf3 28. Qf5 Qxe3 29. Qxc8+ Kf7 30. Qf5+ Ke8 31. Rd3 {Black
resigns} 1-0

[Event "ICC tourney 1953 (60 10)"]
[Site "Internet Chess Club"]
[Date "2020.08.07"]
[Round "2"]
[White "justinchess"]
[Black "NyzhnykIllia"]
[Result "0-1"]
[ICCResult "White resigns"]
[WhiteElo "2387"]
[BlackElo "2759"]
[Opening "King's Indian: 4.e4"]
[ECO "E70"]
[NIC "KI.30"]
[Time "15:24:26"]
[TimeControl "3600+10"]

1. d4 Nf6 2. c4 g6 3. Nc3 Bg7 4. e4 O-O 5. h3 d6 6. Bg5 Na6 7. Bd3 e5 8. d5
h6 9. Be3 Nd7 10. Qd2 Kh7 11. Nge2 Nac5 12. Bc2 a5 13. a4 Na6 14. O-O Ndc5
15. Rae1 b6 16. Nc1 Nb4 17. Bb1 f5 18. f4 exf4 19. Bxf4 fxe4 20. Nxe4 Bf5
21. Nxc5 bxc5 22. Bxf5 Rxf5 23. Ne2 Qd7 24. Ng3 Rf7 25. b3 Raf8 26. Re6 Bd4+
27. Be3 Be5 28. Bxh6 Bxg3 29. Bxf8 Rxf1+ 30. Kxf1 Qf7+ 31. Kg1 Qxf8 32. Qe3
Bh4 33. Qe4 Qf2+ 34. Kh1 Qf1+ 35. Kh2 Bf6 36. h4 Kg7 37. Qg4 Nd3 38. h5 Ne5
39. Qh3 Qf4+ 40. Qg3 Qf5 41. hxg6 Ng4+ 42. Kg1 Bd4+ {White resigns} 0-1

[Event "ICC tourney 1953 (60 10)"]
[Site "Internet Chess Club"]
[Date "2020.08.07"]
[Round "2"]
[White "MasterZachary"]
[Black "savchess06"]
[Result "1-0"]
[ICCResult "Black checkmated"]
[WhiteElo "2306"]
[BlackElo "2074"]
[Opening "Sicilian: Taimanov variation"]
[ECO "B45"]
[NIC "SI.39"]
[Time "15:24:25"]
[TimeControl "3600+10"]

1. e4 c5 2. Nf3 e6 3. d4 cxd4 4. Nxd4 Nc6 5. Nc3 Nf6 6. Ndb5 Bc5 7. Nd6+ Ke7
8. Bf4 e5 9. Nf5+ Kf8 10. Bg5 Qb6 11. Qd2 Ng4 12. O-O-O Qa5 13. Bh4 d5 14.
Nxd5 Qxa2 15. Qc3 b6 16. b4 Bxf5 17. exf5 Bxf2 18. Qxc6 Qa1+ 19. Kd2 Qd4+
20. Bd3 Re8 21. Qd6+ Kg8 22. Ne7+ Kf8 23. Ng6+ Kg8 24. Qf8+ Rxf8 25. Ne7#
{Black checkmated}
1-0

[Event "ICC tourney 1953 (60 10)"]
[Site "Internet Chess Club"]
[Date "2020.08.07"]
[Round "2"]
[White "nithin"]
[Black "Kalmyk"]
[Result "0-1"]
[ICCResult "White resigns"]
[WhiteElo "2279"]
[BlackElo "2674"]
[Opening "English: symmetrical, four knights system"]
[ECO "A30"]
[NIC "QP.10"]
[Time "15:24:31"]
[TimeControl "3600+10"]

1. Nf3 c5 2. c4 Nf6 3. Nc3 Nc6 4. g3 g6 5. Bg2 d6 6. O-O Bg7 7. d4 cxd4 8.
Nxd4 Bd7 9. b3 O-O 10. Bb2 Rc8 11. Nc2 a6 12. Ne3 Qa5 13. a3 Qh5 14. Qd2 Bh3
15. Ncd5 Bxg2 16. Nxf6+ Bxf6 17. Kxg2 Bxb2 18. Qxb2 b5 19. cxb5 Qxb5 20.
Rac1 d5 21. b4 d4 22. Rc5 Qb7 23. Nd5 Na7 24. Qxd4 e6 25. e4 exd5 26. exd5
Nb5 27. Qd3 Rcd8 {White resigns} 0-1

[Event "ICC tourney 1953 (60 10)"]
[Site "Internet Chess Club"]
[Date "2020.08.07"]
[Round "2"]
[White "Sparta250"]
[Black "nicochasin"]
[Result "1/2-1/2"]
[ICCResult "Game drawn by repetition"]
[WhiteElo "2704"]
[BlackElo "2410"]
[Opening "Sicilian: Taimanov (Bastrikov) variation"]
[ECO "B47"]
[NIC "SI.40"]
[Time "15:24:33"]
[TimeControl "3600+10"]

1. e4 c5 2. Nf3 e6 3. d4 cxd4 4. Nxd4 Nc6 5. Nc3 Qc7 6. Be2 a6 7. O-O Nf6 8.
Kh1 Bb4 9. Qd3 O-O 10. Bg5 Bxc3 11. bxc3 Qe5 12. f4 Qxe4 13. Qh3 Qg6 14. Bd3
Ne4 15. Nxc6 bxc6 16. Be7 Re8 17. Bd6 c5 18. Bxc5 Bb7 19. Bd4 f5 20. Rf3 Qg4
21. Qxg4 fxg4 22. Rff1 Nd6 23. c4 Nf5 24. Bf2 h5 25. Rfb1 Bc6 26. Rb6 h4 27.
Kg1 g3 28. hxg3 hxg3 29. Be1 Kf7 30. c5 Rh8 31. Bxf5 exf5 32. Bxg3 Rhe8 33.
Re1 Rxe1+ 34. Bxe1 Re8 35. Kf2 Bb5 36. a4 Bc4 37. c6 Re2+ 38. Kf3 dxc6 39.
Rxc6 Rxc2 40. Rc7+ Ke6 41. Kg3 Bb3 42. Rxg7 Bxa4 43. Rg6+ Kd7 44. Rxa6 Bc6
45. Bf2 Rc3+ 46. Kh2 Rc2 47. Kg3 Rc3+ 48. Kh4 Bxg2 49. Kg5 Be4 50. Bd4 Rc6
51. Ra7+ Rc7 52. Ra5 Rc8 53. Be5 Rg8+ 54. Kf6 Rf8+ 55. Kg7 Rc8 56. Kf7 Ra8
57. Rc5 Rc8 58. Rb5 Kc6 59. Ra5 Kb6 60. Ra1 Kb5 61. Rd1 Rc2 62. Ke7 Kc4 63.
Kd6 Kb5 64. Rb1+ Kc4 65. Rd1 Kb5 66. Rb1+ Kc4 67. Rd1 {Game drawn by
repetition} 1/2-1/2

[Event "ICC tourney 1953 (60 10)"]
[Site "Internet Chess Club"]
[Date "2020.08.07"]
[Round "2"]
[White "hollyelf"]
[Black "largecrab"]
[Result "1-0"]
[ICCResult "Black checkmated"]
[WhiteElo "2116"]
[BlackElo "2171"]
[Opening "Sicilian: accelerated fianchetto, Maróczy bind"]
[ECO "B36"]
[NIC "SI.33"]
[Time "15:24:24"]
[TimeControl "3600+10"]

1. e4 c5 2. Nf3 Nc6 3. d4 cxd4 4. Nxd4 g6 5. c4 Nf6 6. Nc3 d6 7. Be2 Nxd4 8.
Qxd4 Bg7 9. Be3 O-O 10. Qd2 Be6 11. Rc1 Qa5 12. O-O Rfc8 13. b3 a6 14. Nd5
Qxd2 15. Bxd2 Bxd5 16. exd5 Ne4 17. Be1 b5 18. f3 Bd4+ 19. Kh1 Nf6 20. Rd1
Be3 21. Bg3 Nh5 22. Bf2 Nf4 23. Bxe3 Nxe2 24. Rd2 Nc3 25. Rc1 b4 26. a3 a5
27. a4 Rab8 28. Rdc2 Rb7 29. Bd4 Rcb8 30. Re1 Kf8 31. Re3 Nd1 32. Rd3 Nc3
33. Bxc3 bxc3 34. Rcxc3 Ke8 35. Kg1 Kd7 36. Kf2 Rc8 37. Ke2 Rbc7 38. Rd4 Rb7
39. Kd2 Rcb8 40. Kc2 Rc8 41. Rf4 f6 42. Re4 Rbb8 43. Re6 Rb7 44. Rce3 Re8
45. f4 Rbb8 46. g4 Rbc8 47. f5 g5 48. Rh3 Rh8 49. Rh6 Rb8 50. Re3 Rbg8 51.
Rc3 Rg7 52. c5 dxc5 53. Rxc5 Rc8 54. Rc4 Rxc4+ 55. bxc4 Kd6 56. Kc3 Kc5 57.
Rh3 Rf7 58. Re3 Kd6 59. Kd4 h5 60. gxh5 g4 61. c5+ Kc7 62. Rxe7+ Rxe7 63.
d6+ Kd7 64. dxe7 Kxe7 65. h6 Kf7 66. c6 Kg8 67. c7 Kh7 68. c8=Q Kxh6 69. Qg8
Kh5 70. Qg6+ Kh4 71. Qh6# {Black checkmated} 1-0

[Event "ICC tourney 1953 (60 10)"]
[Site "Internet Chess Club"]
[Date "2020.08.07"]
[Round "2"]
[White "vyomvidy"]
[Black "asintomatico"]
[Result "1/2-1/2"]
[ICCResult "Game drawn by repetition"]
[WhiteElo "2249"]
[BlackElo "2532"]
[Opening "Dunst (Sleipner, Heinrichsen) opening"]
[ECO "A00"]
[NIC "VO.15"]
[Time "15:24:47"]
[TimeControl "3600+10"]

1. Nc3 g6 2. d4 Bg7 3. Bf4 d6 4. e4 a6 5. Bc4 b5 6. Bb3 Nc6 7. Nf3 Nf6 8. h3
O-O 9. O-O Bb7 10. e5 Nh5 11. Bh2 b4 12. Nb1 dxe5 13. dxe5 Na5 14. Qe2 Nxb3
15. axb3 Bh6 16. Rd1 Qe8 17. Nbd2 Qc6 18. Nc4 Qe4 19. Qxe4 Bxe4 20. Rd7 c5
21. Ne1 Rfe8 22. f3 Bf5 23. Rc7 Nf4 24. Bxf4 Bxf4 25. Kf2 f6 26. Rxc5 Red8
27. g4 Be6 28. Nd3 fxe5 29. Nxf4 exf4 30. Re1 Bxc4 31. Rxc4 Rac8 32. Rxe7
Rxc4 33. bxc4 Rd2+ 34. Re2 Rd1 35. Re1 Rd2+ 36. Re2 Rd1 37. Re1 Rd2+ 38. Re2
Rd1 {Game drawn by repetition} 1/2-1/2

[Event "ICC tourney 1953 (60 10)"]
[Site "Internet Chess Club"]
[Date "2020.08.07"]
[Round "2"]
[White "VerdeNotte"]
[Black "goodFriday"]
[Result "1-0"]
[ICCResult "Black resigns"]
[WhiteElo "2752"]
[BlackElo "2222"]
[Opening "Sicilian: closed"]
[ECO "B23"]
[NIC "SI.44"]
[Time "15:24:17"]
[TimeControl "3600+10"]

1. e4 c5 2. Nc3 d6 3. d4 cxd4 4. Qxd4 a6 5. b3 Nc6 6. Qd2 Nf6 7. Bb2 e6 8.
O-O-O Be7 9. f4 b5 10. Qe1 Qc7 11. Nf3 b4 12. Na4 O-O 13. Bd3 Bd7 14. g4 d5
15. e5 Nxg4 16. Qg3 Nh6 17. Rhg1 g6 18. Kb1 Na5 19. Qh3 Nf5 20. Bxf5 exf5
21. e6 fxe6 22. Qh6 Kf7 23. Qxh7+ Ke8 24. Qxg6+ Kd8 25. Nd4 Qd6 26. Rge1 Bf6
27. Nxe6+ Bxe6 28. Bxf6+ Kd7 29. Rxe6 Kxe6 30. Be5+ {Black resigns} 1-0

[Event "ICC tourney 1953 (60 10)"]
[Site "Internet Chess Club"]
[Date "2020.08.07"]
[Round "2"]
[White "pyaru536"]
[Black "AlexW2007"]
[Result "1-0"]
[ICCResult "Black resigns"]
[WhiteElo "2132"]
[BlackElo "2092"]
[Opening "Neo-Grünfeld, 6.cd Nxd5, 7.O-O c5, 8.dc"]
[ECO "D75"]
[NIC "KI.80"]
[Time "15:24:12"]
[TimeControl "3600+10"]

1. d4 Nf6 2. c4 g6 3. g3 Bg7 4. Bg2 d5 5. cxd5 Nxd5 6. Nf3 O-O 7. O-O c5 8.
dxc5 Na6 9. Ng5 e6 10. Ne4 Qc7 11. Nbc3 Nxc3 12. Nxc3 Nxc5 13. Bf4 e5 14.
Nd5 Qd8 15. Be3 Ne6 16. Rc1 Bd7 17. Qb3 Bc6 18. Rfd1 Nd4 19. Bxd4 exd4 20.
Nf4 Bxg2 21. Kxg2 Qe7 22. Qf3 Rfd8 23. Rc2 Rac8 24. Rdc1 Rxc2 25. Rxc2 Qd7
26. h4 Rc8 27. Rxc8+ Qxc8 28. h5 Qd7 29. b3 a5 30. Nd5 Qd6 31. Nf4 Qd7 32.
a4 Qe7 33. Nd5 Qd6 34. Qe4 Kf8 35. Nf4 Qd7 36. Nd3 Qe7 37. Qg4 Qc7 38. Qf3
Qe7 39. Nf4 Qd7 40. hxg6 hxg6 41. Nxg6+ Kg8 42. Nf4 Qe7 43. Qd5 Bh6 44. Ng6
Qxe2 45. Ne5 Qh5 46. g4 {Black resigns} 1-0

[Event "ICC tourney 1953 (60 10)"]
[Site "Internet Chess Club"]
[Date "2020.08.07"]
[Round "2"]
[White "tactics321"]
[Black "babadroga92"]
[Result "1-0"]
[ICCResult "Black resigns"]
[WhiteElo "2568"]
[BlackElo "2244"]
[Opening "Bogo-Indian defense, Grünfeld variation"]
[ECO "E11"]
[NIC "QI.01"]
[Time "15:24:33"]
[TimeControl "3600+10"]

1. d4 Nf6 2. c4 e6 3. Nf3 Bb4+ 4. Nbd2 O-O 5. a3 Be7 6. e4 d5 7. e5 Nfd7 8.
Bd3 c5 9. O-O Nc6 10. Re1 a5 11. Nb3 cxd4 12. cxd5 exd5 13. Nbxd4 Nc5 14. h3
Be6 15. Be3 Rc8 16. Nxc6 Rxc6 17. Nd4 Rc8 18. f4 Nxd3 19. Qxd3 Bd7 20. Rad1
Bc5 21. Nb3 Bxe3+ 22. Qxe3 Ba4 23. Rd4 Rc4 24. Nd2 Rxd4 25. Qxd4 Bc2 26. Rc1
Bf5 27. Rc5 Be6 28. Nf3 h6 29. g4 g6 30. Qc3 b6 31. Rc6 d4 32. Nxd4 Bd5 33.
Rd6 Qa8 34. f5 Rc8 35. Qd2 Bh1 36. fxg6 Rc1+ 37. Kh2 Qe4 38. gxf7+ Kxf7 39.
Qf2+ {Black resigns} 1-0

[Event "ICC tourney 1953 (60 10)"]
[Site "Internet Chess Club"]
[Date "2020.08.07"]
[Round "2"]
[White "sahilmd"]
[Black "Kobalia"]
[Result "1-0"]
[ICCResult "Black resigns"]
[WhiteElo "2421"]
[BlackElo "2500"]
[Opening "King's Indian: orthodox, Aronin-Taimanov, 9.Ne1"]
[ECO "E98"]
[NIC "KI.03"]
[Time "15:24:25"]
[TimeControl "3600+10"]

1. d4 Nf6 2. c4 g6 3. Nc3 Bg7 4. e4 O-O 5. Be2 d6 6. Nf3 e5 7. O-O Nc6 8. d5
Ne7 9. Ne1 Nd7 10. Be3 f5 11. f3 f4 12. Bf2 g5 13. Rc1 Rf6 14. Nd3 a6 15. c5
Rg6 16. c6 Nf6 17. cxb7 Bxb7 18. Qb3 Bc8 19. Nxe5 dxe5 20. d6+ Kh8 21. dxe7
Qxe7 22. Rfd1 Qe8 23. Bc4 Rh6 24. Nd5 Nxd5 25. Bxd5 Be6 26. Rxc7 Rb8 27. Qa3
Qh5 28. h3 Bxd5 29. exd5 e4 30. Qe7 Bxb2 31. d6 e3 32. Be1 Bf6 33. Bc3 Bxc3
34. d7 {Black resigns} 1-0

[Event "ICC tourney 1953 (60 10)"]
[Site "Internet Chess Club"]
[Date "2020.08.07"]
[Round "2"]
[White "spriteball"]
[Black "sathviks"]
[Result "0-1"]
[ICCResult "White resigns"]
[WhiteElo "2122"]
[BlackElo "2202"]
[Opening "King's Indian: 6.Be2"]
[ECO "E91"]
[NIC "KI.19"]
[Time "15:24:29"]
[TimeControl "3600+10"]

1. d4 Nf6 2. c4 g6 3. Nc3 Bg7 4. e4 d6 5. Nf3 O-O 6. Be2 Nc6 7. d5 Nb8 8.
O-O e6 9. Be3 exd5 10. cxd5 Re8 11. Qc2 c6 12. dxc6 Nxc6 13. Rad1 a6 14. Bf4
Qa5 15. Bxd6 Be6 16. a3 Rac8 17. Rfe1 Qb6 18. b4 Ne7 19. Bc5 Qc7 20. Bd4 Nc6
21. Bxf6 Bxf6 22. Nd5 Bxd5 23. exd5 Na7 24. Qxc7 Rxc7 25. Kf1 Rd8 26. Nd2
Bc3 27. Rc1 Rcc8 28. Red1 Rxd5 29. Nc4 Rxd1+ 30. Rxd1 b5 31. Nb6 Rc6 32. Nd5
Kf8 33. Nxc3 Rxc3 34. Bf3 Ke7 35. Ra1 Nc6 36. Ke2 Nd4+ 37. Kd2 Rxf3 38. gxf3
Nb3+ 39. Kc2 Nxa1+ 40. Kb2 Kf6 41. Kxa1 Kf5 42. Kb2 Kf4 43. a4 Kxf3 44. axb5
axb5 45. Kc3 Kxf2 46. Kd4 f5 47. Kc5 f4 48. Kxb5 f3 49. Kc6 Kg2 50. b5 f2
51. b6 f1=Q 52. Kc7 Qc4+ 53. Kd7 Qb5+ 54. Kc7 Qc5+ 55. Kb7 Kxh2 56. Ka6 g5
57. b7 Qc6+ 58. Ka7 Qxb7+ {White resigns} 0-1

[Event "ICC tourney 1953 (60 10)"]
[Site "Internet Chess Club"]
[Date "2020.08.07"]
[Round "2"]
[White "AZTAC"]
[Black "PawnGrubber21"]
[Result "1-0"]
[ICCResult "Black resigns"]
[WhiteElo "2196"]
[BlackElo "1767"]
[Opening "Sicilian: Najdorf, Lipnitzky attack"]
[ECO "B86"]
[NIC "SI.13"]
[Time "15:24:18"]
[TimeControl "3600+10"]

1. e4 c5 2. Nf3 d6 3. d4 cxd4 4. Nxd4 Nf6 5. Nc3 a6 6. Bc4 e6 7. O-O Nc6 8.
Bb3 Be7 9. Kh1 O-O 10. f4 Nd7 11. Bxe6 Nxd4 12. Bxd7 Bxd7 13. Qxd4 Bc6 14.
Nd5 Re8 15. Rf3 Bxd5 16. Qxd5 Qb6 17. Rb3 Qf2 18. Be3 Qxc2 19. Rxb7 Rab8 20.
Rc1 Qe2 21. Bg1 Rxb7 22. Qxb7 Bf6 23. Rc8 Kf8 24. e5 Bd8 25. Qd7 Qb5 26.
Rxd8 Qxd7 27. Rxd7 dxe5 28. Bc5+ Kg8 29. fxe5 h6 30. Bd4 f6 31. exf6 gxf6
32. Kg1 Re6 33. Kf2 Kf8 34. Rb7 Re4 35. Bc3 Re6 36. Kf3 Rc6 37. h4 a5 38.
Bxa5 Rc4 39. Rb4 Rc5 40. Bb6 Rc1 41. Be3 Rf1+ 42. Ke2 Rh1 43. Bxh6+ Kf7 44.
g3 {Black resigns} 1-0

[Event "ICC tourney 1953 (60 10)"]
[Site "Internet Chess Club"]
[Date "2020.08.07"]
[Round "2"]
[White "Jupiter435"]
[Black "rychessmaster1"]
[Result "1-0"]
[ICCResult "Black resigns"]
[WhiteElo "2409"]
[BlackElo "2126"]
[Opening "Sicilian: Najdorf, Adams attack"]
[ECO "B90"]
[NIC "SI.14"]
[Time "15:24:26"]
[TimeControl "3600+10"]

1. Nf3 c5 2. e4 d6 3. d4 cxd4 4. Nxd4 Nf6 5. Nc3 a6 6. h3 e5 7. Nde2 Nc6 8.
g4 Be7 9. Bg2 b5 10. O-O Bb7 11. Be3 Rc8 12. Qd2 Qc7 13. Rac1 h6 14. b3 O-O
15. a4 Qa5 16. axb5 axb5 17. Ng3 Rfd8 18. Nf5 Bf8 19. Nd5 Qxd2 20. Nxf6+
gxf6 21. Bxd2 Kh7 22. Rfd1 Ne7 23. Ne3 Ng6 24. Ba5 Rd7 25. Nd5 Bxd5 26. exd5
Ra7 27. Bb4 f5 28. gxf5 Nf4 29. Kh2 Kg7 30. Be4 Kf6 31. Ra1 Rca8 32. Rxa7
Rxa7 33. Rg1 Be7 34. Rg4 Ra1 35. Rxf4 Rd1 36. Rg4 h5 37. Rh4 Rd4 38. c3 Rxb4
39. cxb4 Kg5 40. Kg3 Kh6 41. Bf3 {Black resigns} 1-0